[Event "Team 45 45 League T53"]
[Site "Internet Chess Club"]
[Date "2012.05.21"]
[Round "1"]
[White "calily"]
[Black "scotty30"]
[Result "0-1"]
[WhiteElo "1672"]
[BlackElo "1502"]
[Opening "Queen's pawn game"]
[ECO "D02"]
[Time "16:03:14"]
[TimeControl "2700+45"]

1. Nf3 d5 2. d4 Bf5 3. g3 e6 4. Bg2 c5 5. e3 Nc6 6. a3 Nf6 7. Nbd2 Bd6 8. O-O
Bg4 9. h3 Bxf3 10. Nxf3 c4 11. c3 b5 12. Qc2 h6 13. Nd2 Nd7 14. e4 Nb6 15. exd5
exd5 16. Re1+ Be7 17. Nf3 O-O 18. Ne5 Nxe5 19. Rxe5 Bf6 20. Re2 Qd7 21. Bf4 Rfe8
22. Rae1 Rxe2 23. Rxe2 Re8 24. Bf3 Rxe2 25. Qxe2 Kf8 26. Bg4 Qe7 27. Qd2 a5 28.
Kg2 Qe4+ 29. Bf3 Qd3 30. Qxd3 cxd3 31. Bd1 Nc4 32. Bc1 d2 33. Bxd2 Nxd2 34. f4
Ke7 35. b3 Ne4 36. Bf3 Nxc3 {White resigns} 0-1

[Event "Team 45 45 League T53"]
[Site "Internet Chess Club"]
[Date "2012.05.20"]
[Round "1"]
[White "trifire"]
[Black "PANAMA-REY"]
[Result "0-1"]
[WhiteElo "1454"]
[BlackElo "1455"]
[Opening "Anderssen's opening"]
[ECO "A00"]
[Time "19:00:47"]
[TimeControl "2700+45"]

1. a3 e5 2. c4 c5 3. e3 g6 4. d4 e4 5. Nc3 Nf6 6. f3 exf3 7. Nxf3 Bg7 8. Bd3
cxd4 9. exd4 O-O 10. O-O d6 11. Bf4 a6 12. Qd2 d5 13. c5 Nc6 14. Bg5 Be6 15. Ne5
Nxd4 16. Bxg6 fxg6 17. Qxd4 Qc7 18. Nxg6 Ng4 19. Ne7+ Kh8 20. Rxf8+ Rxf8 21.
Ng6+ hxg6 {White resigns} 0-1

[Event "Team 45 45 League T53"]
[Site "Internet Chess Club"]
[Date "2012.05.19"]
[Round "1"]
[White "Ptzz"]
[Black "Eyechess"]
[Result "1/2-1/2"]
[WhiteElo "2089"]
[BlackElo "2069"]
[Opening "Nimzo-Indian: classical, Milner-Barry (Zurich) variation"]
[ECO "E33"]
[Time "13:01:55"]
[TimeControl "2700+45"]

1. d4 e6 2. c4 Nf6 3. Nc3 Bb4 4. Qc2 Nc6 5. Nf3 d6 6. Bg5 h6 7. Bd2 O-O 8. a3
Bxc3 9. Bxc3 Qe7 10. e4 e5 11. d5 Nb8 12. Be2 Nh5 13. Nxe5 Nf6 14. Nf3 Nxe4 15.
O-O Nxc3 16. Qxc3 Bg4 17. Nd4 Bxe2 18. Rfe1 Nd7 19. Rxe2 Qf6 20. Nb5 Qxc3 21.
Nxc3 Rfe8 22. Rae1 Kf8 23. Nb5 Rxe2 24. Rxe2 a6 25. Nd4 Re8 26. Kf1 Nb6 27. b3
Rxe2 28. Kxe2 Nd7 29. Nf5 h5 30. Ng3 g6 31. Ne4 Ke7 32. f3 c6 33. dxc6 bxc6 34.
Kd3 d5 35. cxd5 cxd5 36. Nc3 Kd6 37. Na4 Ne5+ 38. Kc3 g5 39. Kd4 h4 40. h3 Ng6
41. Nc5 Nf4 42. Nxa6 Nxg2 43. Nb4 Nf4 44. a4 Nxh3 45. Nxd5 Ng1 46. Nf6 Ke6 47.
Ne4 Nxf3+ 48. Ke3 g4 49. a5 Ne5 50. a6 Nc6 51. Ng5+ Ke7 52. Kf4 f6 53. Ne4 g3
54. Nd2 g2 55. Nf3 Kd6 56. Ng1 Kc5 57. Kg4 Kb5 58. Kxh4 Kxa6 59. Kg3 Nd4 60.
Kxg2 Ka5 61. Nf3 Nf5 62. Kh3 Kb4 63. Nd2 Nd4 64. Kg4 Kc3 65. Ne4+ Kxb3 66. Nxf6
{Game drawn because neither player has mating material} 1/2-1/2

[Event "Team 45 45 League T53"]
[Site "Internet Chess Club"]
[Date "2012.05.27"]
[Round "1"]
[White "SlimeDog2"]
[Black "Jack-ONeill"]
[Result "1-0"]
[WhiteElo "2128"]
[BlackElo "2054"]
[Opening "Budapest: Rubinstein variation"]
[ECO "A52"]
[Time "14:01:19"]
[TimeControl "2700+45"]

1. d4 Nf6 2. c4 e5 3. dxe5 Ng4 4. Bf4 Bb4+ 5. Nd2 Nc6 6. Nf3 Qe7 7. a3 Ngxe5 8.
Nxe5 Nxe5 9. e3 Bxd2+ 10. Qxd2 d6 11. Be2 b6 12. Qd5 Rb8 13. Bxe5 dxe5 14. Qc6+
Qd7 15. Qb5 Qxb5 16. cxb5 Bb7 17. Rc1 O-O 18. O-O {Black resigns} 1-0

[Event "Team 45 45 League T53"]
[Site "Internet Chess Club"]
[Date "2012.05.18"]
[Round "1"]
[White "PandorasBox"]
[Black "cesaralexander"]
[Result "1-0"]
[WhiteElo "1950"]
[BlackElo "1888"]
[Opening "English: ultra-symmetrical variation"]
[ECO "A36"]
[Time "18:31:12"]
[TimeControl "2700+45"]

1. c4 c5 2. g3 g6 3. Bg2 Bg7 4. Nc3 Nc6 5. d3 Nf6 6. e4 d6 7. Nge2 e5 8. O-O O-O
9. f4 a6 10. Rb1 Rb8 11. f5 b5 12. cxb5 axb5 13. Bg5 Qa5 14. fxg6 fxg6 15. Bxf6
Bxf6 16. Nd5 Bg7 17. Rxf8+ Bxf8 18. a3 Be6 19. Qc2 Bxd5 20. exd5 Ne7 21. Bh3 Bh6
22. Be6+ Kg7 23. Rf1 Rf8 24. Rxf8 Kxf8 25. Nc3 Be3+ 26. Kg2 Nf5 27. Qe2 Bd4 28.
Ne4 Ke7 29. Qf3 Kd8 30. Bxf5 gxf5 31. Qxf5 Qc7 32. Qf8+ Kd7 33. Nf6# {Black
checkmated} 1-0

[Event "Team 45 45 League T53"]
[Site "Internet Chess Club"]
[Date "2012.05.20"]
[Round "1"]
[White "katikus"]
[Black "ivanson"]
[Result "0-1"]
[WhiteElo "1790"]
[BlackElo "1843"]
[Opening "Ruy Lopez: exchange, Bronstein variation"]
[ECO "C68"]
[Time "14:00:23"]
[TimeControl "2700+45"]

1. e4 e5 2. Nf3 Nc6 3. Bb5 a6 4. Bxc6 dxc6 5. O-O Qd6 6. Na3 Be6 7. Qe2 f6 8.
Nc4 Qd7 9. Rd1 c5 10. c3 O-O-O 11. d4 cxd4 12. cxd4 exd4 13. Rxd4 Qf7 14. Bf4
Rxd4 15. Nb6+ cxb6 16. Nxd4 Bc5 17. Rc1 Kd8 18. Nxe6+ Qxe6 19. b4 Bxb4 20. Qd1+
Qd7 21. Qb3 Qb5 22. Qe6 Ne7 23. Bc7+ Ke8 24. Bxb6 Qd7 25. Qb3 Nc6 26. Rd1 Qe7
27. Qd5 Rf8 {White resigns} 0-1

[Event "Team 45 45 League T53"]
[Site "Internet Chess Club"]
[Date "2012.05.17"]
[Round "1"]
[White "Logos1"]
[Black "chesswooog"]
[Result "1-0"]
[WhiteElo "2019"]
[BlackElo "2020"]
[Opening "Sicilian, Chekhover variation"]
[ECO "B53"]
[Time "19:27:13"]
[TimeControl "2700+45"]

1. e4 c5 2. Nf3 d6 3. d4 cxd4 4. Qxd4 Nc6 5. Bb5 Bd7 6. Qd3 Nf6 7. Nc3 g6 8. O-O
Bg7 9. Nd5 O-O 10. c3 a6 11. Ba4 Ne5 12. Nxf6+ Bxf6 13. Nxe5 Bxa4 14. Ng4 Bg7
15. Nh6+ Kh8 16. Qd5 Qe8 17. Qxb7 Bc6 18. Qb4 a5 19. Qb6 Bxe4 20. Re1 Bd5 21.
Qc7 Be6 22. Bg5 Qb5 23. h4 Qa6 24. Qxe7 Ra7 25. Qf6 Rb7 26. b3 Qc6 27. Rac1 Rb5
28. Qf3 Qxf3 29. gxf3 Rc8 30. c4 Rbc5 31. Rcd1 d5 32. Be3 dxc4 33. Bxc5 cxb3 34.
axb3 Bxb3 35. Rc1 Be6 36. Ng4 h5 37. Ne5 Kh7 38. f4 a4 39. Nf3 Bb3 40. Bd4 Rd8
41. Bxg7 Kxg7 42. Re3 Kf6 43. Kg2 Rd5 44. Kg3 Rd8 45. Rc6+ Kg7 46. Rc7 Rd1 47.
Ra7 Rd8 48. Ng5 Rd1 49. Nxf7 Bd5 50. Ne5+ Kg8 51. Nf3 Kf8 52. Rxa4 Rh1 53. Ra7
Bc4 54. Rc3 Bf1 55. Rc8# {Black checkmated} 1-0

[Event "Team 45 45 League T53"]
[Site "Internet Chess Club"]
[Date "2012.05.19"]
[Round "1"]
[White "filiusdextris"]
[Black "kasperloff"]
[Result "1/2-1/2"]
[WhiteElo "2059"]
[BlackElo "1924"]
[Opening "Caro-Kann: advance variation"]
[ECO "B12"]
[Time "11:02:02"]
[TimeControl "2700+45"]

1. e4 c6 2. d4 d5 3. e5 Bf5 4. Nf3 e6 5. Be2 c5 6. Be3 cxd4 7. Nxd4 Ne7 8. c4
Nbc6 9. Qa4 a6 10. Na3 Qa5+ 11. Qxa5 Nxa5 12. O-O Bg6 13. Rfd1 dxc4 14. Nxc4
Nxc4 15. Bxc4 Rc8 16. Rac1 Be4 17. a3 Bd5 18. b3 Bxc4 19. Rxc4 Rxc4 20. bxc4 Ng6
21. f4 Bxa3 22. Rb1 O-O 23. Rxb7 Rc8 24. Rb6 Bc5 25. Rxa6 Nxf4 26. Nc2 Kf8 27.
Ra5 Nd3 28. Rb5 Ke8 29. Kf1 Bxe3 30. Nxe3 Kd7 31. Ke2 Nc5 32. Kd2 Kc6 33. Nc2
Rd8+ 34. Ke2 Ne4 35. Nb4+ Kc7 36. Na6+ Kc6 37. Nb8+ Kc7 38. Na6+ Kc6 39. Nb4+
Kc7 {Game drawn by mutual agreement} 1/2-1/2

[Event "Team 45 45 League T53"]
[Site "Internet Chess Club"]
[Date "2012.05.20"]
[Round "1"]
[White "Inquisiteur"]
[Black "Holzschlange"]
[Result "0-1"]
[WhiteElo "1515"]
[BlackElo "1817"]
[Opening "QGD: Tarrasch, Prague variation, 9.Bg5"]
[ECO "E01"]
[Time "10:50:38"]
[TimeControl "2700+45"]

1. c4 e6 2. g3 Nf6 3. Bg2 d5 4. d4 c5 5. cxd5 exd5 6. Nf3 Nc6 7. O-O Be7 8. Nc3
O-O 9. Bg5 Re8 10. Rc1 c4 11. Ne5 Be6 12. e3 Rc8 13. f4 a6 14. f5 Bd7 15. Bxf6
Bxf6 16. Nxd7 Qxd7 17. Nxd5 Qd6 18. Rxc4 h6 19. Nxf6+ Qxf6 20. e4 Rcd8 21. e5
Qg5 22. Bxc6 bxc6 23. Rf4 Rxe5 24. Qf3 Red5 25. f6 Qg6 26. Kg2 Qb1 27. fxg7
Qxb2+ 28. Kh3 Qb7 29. Rf6 Kxg7 30. Rfxc6 Qe7 31. Qg4+ Rg5 32. Qf4 Rh5+ 33. Kg2
Qe2+ 34. Kg1 Qxh2+ 35. Kf1 Qh1+ 36. Ke2 Re8+ 37. Kd3 Qb1+ 38. Rc2 Qb5+ 39. R2c4
Rf5 40. Qg4+ Rg5 41. Qf4 Rf5 42. Qg4+ Kh7 43. Rc5 Qb1+ 44. Kc3 Re3+ 45. Kd2 Qe1+
46. Kc2 Rf2+ {White resigns} 0-1

[Event "Team 45 45 League T53"]
[Site "Internet Chess Club"]
[Date "2012.05.21"]
[Round "1"]
[White "subterfuge"]
[Black "ILRE"]
[Result "1/2-1/2"]
[WhiteElo "1712"]
[BlackElo "1641"]
[Opening "QGD: 4.Nf3"]
[ECO "D37"]
[Time "19:30:14"]
[TimeControl "2700+45"]

1. d4 d5 2. c4 e6 3. Nc3 Nf6 4. Nf3 Nbd7 5. Bf4 Be7 6. e3 O-O 7. Rc1 c6 8. Qc2
Re8 9. c5 b6 10. b4 a5 11. a3 axb4 12. axb4 bxc5 13. bxc5 Ba6 14. Be2 Bxe2 15.
Qxe2 Qa5 16. O-O Nf8 17. Ne5 Rec8 18. Rc2 Qd8 19. Bg3 N8d7 20. Nd3 Ra3 21. Nb1
Ra4 22. Nd2 Qa5 23. Rb1 Ra1 24. Qd1 Rxb1 25. Qxb1 Nh5 26. Be5 Nxe5 27. Nxe5 Qd8
28. f4 Nf6 29. Rb2 Nd7 30. Nd3 f6 31. Nf3 Qe8 32. Rb7 Rb8 33. Kf2 Qc8 34. Rxb8
Nxb8 35. Qa2 Qa6 36. Qe2 Bd8 37. g4 Qc8 38. h3 Qb7 39. Qc2 Na6 40. h4 Nb4 41.
Nxb4 Qxb4 42. Qd3 Qa5 43. g5 f5 44. Qb3 Qc7 45. Qa4 Qb7 46. Qc2 Bc7 47. Nd2 Ba5
48. Kf3 Bxd2 49. Qxd2 Qb1 50. Ke2 Qb5+ 51. Qd3 Qb2+ 52. Kf3 Qa1 53. Qe2 Qh1+ 54.
Kg3 Qg1+ 55. Kh3 Qh1+ 56. Qh2 Qf1+ 57. Qg2 Qd3 58. Qf2 Qd1 {Game drawn by mutual
agreement} 1/2-1/2

[Event "Team 45 45 League T53"]
[Site "Internet Chess Club"]
[Date "2012.05.20"]
[Round "1"]
[White "MinnArkie"]
[Black "dschesq"]
[Result "0-1"]
[WhiteElo "1616"]
[BlackElo "1600"]
[Opening "Sicilian: Kan, Maróczy bind (Réti variation)"]
[ECO "B41"]
[Time "09:00:31"]
[TimeControl "2700+45"]

1. e4 c5 2. Nf3 e6 3. d4 cxd4 4. Nxd4 a6 5. c4 Nf6 6. Bd3 Qc7 7. O-O Be7 8. Nc3
b6 9. h3 Bb7 10. f4 d6 11. Qc2 Nbd7 12. Be3 O-O 13. g4 Nc5 14. g5 Nfd7 15. Be2
Rfe8 16. b4 e5 17. Nf5 Ne6 18. Nxe7+ Rxe7 19. f5 Nd4 20. Bxd4 exd4 21. Nd5 Bxd5
22. exd5 Re3 23. Rf3 Rae8 24. Rxe3 Rxe3 25. Kh2 Ne5 26. Qd2 Qe7 27. Rg1 d3 28.
f6 Qe8 29. Bd1 Nxc4 30. Qf2 Qe5+ 31. Rg3 d2 32. h4 Rxg3 33. Qxg3 Qxg3+ 34. Kxg3
Ne3 35. Be2 d1=Q 36. Bxd1 Nxd1 37. Kf3 Nc3 38. a3 Nxd5 39. Ke4 Nc7 40. a4 g6 41.
Kd4 Kf8 42. Kc4 Ke8 43. Kd4 Kd7 44. Ke3 Ke6 45. Ke4 Nd5 46. Kd4 Nxb4 47. Kc4 Nc6
{White resigns} 0-1

[Event "Team 45 45 League T53"]
[Site "Internet Chess Club"]
[Date "2012.05.18"]
[Round "1"]
[White "akshayk06"]
[Black "Tjet"]
[Result "1/2-1/2"]
[WhiteElo "1419"]
[BlackElo "1462"]
[Opening "Old Indian defense"]
[ECO "A53"]
[Time "20:32:06"]
[TimeControl "2700+45"]

1. d4 d6 2. c4 Nf6 3. Nf3 g6 4. h3 Bg7 5. Bg5 O-O 6. e3 c5 7. Bd3 Nc6 8. a3 Re8
9. O-O e5 10. d5 Na5 11. Nc3 b6 12. e4 a6 13. b4 Nb7 14. Qd2 Qc7 15. Bh6 Qe7 16.
Bxg7 Kxg7 17. Ng5 h6 18. Nf3 Bd7 19. Be2 Nh7 20. Nh2 Rf8 21. f4 exf4 22. Qxf4
Qe5 23. Qe3 Rae8 24. Bg4 Bxg4 25. Nxg4 Qd4 26. Rae1 Qxe3+ 27. Rxe3 h5 28. Nf2 f5
{Game drawn by mutual agreement} 1/2-1/2

[Event "Team 45 45 League T53"]
[Site "Internet Chess Club"]
[Date "2012.05.21"]
[Round "1"]
[White "Sandia"]
[Black "obaut"]
[Result "0-1"]
[WhiteElo "1433"]
[BlackElo "1373"]
[Opening "Giuoco Pianissimo: Italian four knights variation"]
[ECO "C50"]
[Time "12:00:06"]
[TimeControl "2700+45"]

1. e4 e5 2. Nf3 Nc6 3. Bc4 Bc5 4. Nc3 Nf6 5. d3 O-O 6. Bg5 d6 7. Nd5 h6 8. Bxf6
gxf6 9. Qd2 Kh7 10. h3 Nd4 11. Nxd4 Bxd4 12. c3 Bb6 13. Qe2 f5 14. g4 f4 15. h4
c6 16. Nb4 f6 17. g5 Qe8 18. gxh6 Kxh6 19. O-O-O Qh5 20. Qxh5+ Kxh5 21. Rdg1
Bxf2 22. Rg2 Be3+ 23. Kc2 a5 24. Rg7 axb4 25. Bf7+ Kh6 26. Rg6+ Kh7 27. Rhg1
Bxg1 28. Rxg1 Rxf7 {White resigns} 0-1

[Event "Team 45 45 League T53"]
[Site "Internet Chess Club"]
[Date "2012.05.19"]
[Round "1"]
[White "arconia"]
[Black "AtomicDog"]
[Result "0-1"]
[WhiteElo "1306"]
[BlackElo "1365"]
[Opening "Sicilian"]
[ECO "B50"]
[Time "10:00:30"]
[TimeControl "2700+45"]

1. e4 c5 2. Nf3 d6 3. Be2 Nf6 4. d3 e6 5. O-O Be7 6. e5 dxe5 7. Nxe5 Qc7 8. Bf4
Bd6 9. Nxf7 Kxf7 10. Bxd6 Qxd6 11. Nc3 a6 12. Bf3 Nc6 13. Ne2 Nd4 14. Ng3 Nxf3+
15. Qxf3 Qd5 16. Ne4 Bd7 17. c4 Qe5 18. b3 Rhf8 19. Rae1 Kg8 20. Ng3 Qc7 21. h3
Bc6 22. Qe3 Rae8 23. Qxc5 b6 24. Qg5 Qb7 25. f3 h6 26. Qh4 Nd7 27. Nh5 Rf7 28.
Nf4 g5 29. Qg4 Rxf4 30. Qh5 Nc5 31. Qxh6 Qg7 32. Qh5 Rh4 {White resigns} 0-1

[Event "Team 45 45 League T53"]
[Site "Internet Chess Club"]
[Date "2012.05.20"]
[Round "1"]
[White "iceface"]
[Black "chesskix"]
[Result "0-1"]
[WhiteElo "1597"]
[BlackElo "1523"]
[Opening "Sicilian: Grand Prix attack"]
[ECO "B23"]
[Time "20:00:20"]
[TimeControl "2700+45"]

1. e4 c5 2. Nc3 Nc6 3. f4 e6 4. Nf3 b6 5. Bc4 Bb7 6. d3 Be7 7. a3 Nf6 8. Bd2 a6
9. Ne2 d5 10. exd5 exd5 11. Ba2 O-O 12. O-O Bd6 13. Re1 Ne7 14. Ng3 Qc7 15. Nf1
Nf5 16. g3 d4 17. h3 Qc6 18. N1h2 Nxg3 {White resigns} 0-1

[Event "Team 45 45 League T53"]
[Site "Internet Chess Club"]
[Date "2012.05.20"]
[Round "1"]
[White "julesraider"]
[Black "chesschessboy"]
[Result "1-0"]
[WhiteElo "1602"]
[BlackElo "1354"]
[Opening "QGD: 4.Nf3"]
[ECO "D37"]
[Time "19:01:23"]
[TimeControl "2700+45"]

1. d4 d5 2. c4 e6 3. Nc3 Nf6 4. Nf3 Nbd7 5. Bg5 c5 6. cxd5 cxd4 7. Nxd4 exd5 8.
e3 Nb6 9. Bd3 Be6 10. O-O Be7 11. Nxe6 fxe6 12. Bxf6 Bxf6 13. Qh5+ Ke7 14. Rac1
g6 15. Qg4 Rc8 16. Nb5 a6 17. Qb4+ Kf7 18. Nd6+ Kg7 19. Nxc8 Nxc8 20. Qxb7+ Ne7
21. Rc7 Kf7 22. b4 Re8 23. Rfc1 Kg8 24. Qxa6 Qb8 25. Qxe6+ Kg7 26. b5 Qa8 27.
R1c6 Bg5 28. f4 Kf8 29. Ra6 Qd8 30. Raa7 Bh6 31. b6 Bg7 32. Bb5 {Black resigns}
1-0

[Event "Team 45 45 League T53"]
[Site "Internet Chess Club"]
[Date "2012.05.20"]
[Round "1"]
[White "joshq03"]
[Black "KidRattler"]
[Result "1-0"]
[WhiteElo "1432"]
[BlackElo "1388"]
[Opening "Caro-Kann: advance variation"]
[ECO "B12"]
[Time "15:27:48"]
[TimeControl "2700+45"]

1. e4 c6 2. d4 d5 3. e5 Bf5 4. Nf3 e6 5. Be2 Be7 6. O-O Nd7 7. Nbd2 c5 8. c3
cxd4 9. cxd4 Nh6 10. Nb3 Ng8 11. Bd2 Be4 12. Rc1 Rc8 13. Na5 Rxc1 14. Qxc1 b6
15. Nc6 Qc7 16. b4 Bxf3 17. Bxf3 Bd8 18. b5 Ne7 19. Bb4 Nxc6 20. bxc6 Nb8 21.
Bd6 Qxc6 22. Bxb8 Qxc1 23. Rxc1 O-O 24. Bd6 Re8 25. Rc8 g6 26. Bc7 Re7 27. Rxd8+
Kg7 28. Bd6 Rb7 29. Bf8+ Kh8 30. Bh6# {Black checkmated} 1-0

[Event "Team 45 45 League T53"]
[Site "Internet Chess Club"]
[Date "2012.05.18"]
[Round "1"]
[White "kingsrook"]
[Black "moodle"]
[Result "1-0"]
[WhiteElo "1223"]
[BlackElo "1319"]
[Opening "Queen's pawn game"]
[ECO "D04"]
[Time "09:00:15"]
[TimeControl "2700+45"]

1. d4 d5 2. Nf3 Nf6 3. e3 Bg4 4. c4 Nc6 5. Nc3 e6 6. Be2 Bb4 7. Bd2 O-O 8. O-O
Bxc3 9. bxc3 Ne4 10. Be1 Ng5 11. Ne5 Bxe2 12. Qxe2 Nxe5 13. dxe5 a5 14. Rb1 b6
15. Bd2 Ne4 16. Be1 f6 17. f3 Ng5 18. Bg3 fxe5 19. Bxe5 Rf5 20. Bg3 c6 21. Bh4
Qf6 22. Rbc1 Qh6 23. Bg3 Nf7 24. Rcd1 Qg6 25. e4 dxe4 26. Qxe4 Rc8 27. Rd7 Rg5
28. Re1 Qxe4 29. Rxe4 Rg6 30. Bf4 Rd8 31. Rxd8+ Nxd8 32. Bc7 Nf7 33. Bxb6 Ng5
34. Rg4 h5 35. Rg3 a4 36. h4 e5 37. Rxg5 Rxg5 38. hxg5 Kf7 39. Kf2 Kg6 40. Be3
h4 41. a3 Kf5 42. c5 e4 43. f4 Kg4 44. Bd2 {Black resigns} 1-0

[Event "Team 45 45 League T53"]
[Site "Internet Chess Club"]
[Date "2012.05.18"]
[Round "1"]
[White "clarinetref"]
[Black "JRussell2"]
[Result "1-0"]
[WhiteElo "1667"]
[BlackElo "1408"]
[Opening "Center game: Paulsen attack"]
[ECO "C22"]
[Time "20:07:10"]
[TimeControl "2700+45"]

1. e4 e5 2. d4 exd4 3. Qxd4 Nc6 4. Qe3 d6 5. Nc3 Bd7 6. Bd2 Qe7 7. Nd5 Qd8 8.
Bc4 Nf6 9. h3 Nxd5 10. exd5+ Ne5 11. f4 Qh4+ 12. g3 Qf6 13. fxe5 dxe5 14. O-O-O
Bd6 15. Qg5 O-O-O 16. Qxf6 gxf6 17. Rf1 Be7 18. g4 c6 19. d6 Bxd6 20. Rxf6 Bc5
21. Ne2 Rdf8 22. Rhf1 Bd4 23. Rxf7 Rxf7 24. Rxf7 Bc5 25. Bc3 Rf8 26. Rxf8+ Bxf8
27. Bxe5 Bh6+ 28. Bf4 Bg7 29. Bd3 h5 30. Bf5 hxg4 31. hxg4 Bxf5 32. gxf5 Kd7 33.
c3 Ke7 34. Kd2 Kf7 35. Ke3 Bf8 36. Ke4 Kf6 37. Be5+ Ke7 38. f6+ Ke6 39. Nf4+ Kf7
40. Kf5 Bh6 41. Ne6 Bc1 42. b3 b6 {Black resigns} 1-0

[Event "Team 45 45 League T53"]
[Site "Internet Chess Club"]
[Date "2012.05.17"]
[Round "1"]
[White "BrerRabbit"]
[Black "jwsalaz"]
[Result "1-0"]
[WhiteElo "1474"]
[BlackElo "1353"]
[Opening "English opening"]
[ECO "A25"]
[Time "14:03:38"]
[TimeControl "2700+45"]

1. c4 e5 2. g3 Nc6 3. Nc3 Nf6 4. Bg2 Bc5 5. e3 d6 6. Nge2 O-O 7. d4 e4 8. dxc5
dxc5 9. Qxd8 Rxd8 10. Nxe4 Bf5 11. Nxf6+ gxf6 12. Nf4 Rd7 13. O-O Rad8 14. Nd5
Nb4 15. Nxf6+ Kg7 16. Nxd7 Rxd7 17. e4 Be6 18. b3 Bg4 19. Be3 Nc2 20. Rac1 Nxe3
21. fxe3 Rd2 22. Rf2 Rd3 23. h3 {Black resigns} 1-0

[Event "Team 45 45 League T53"]
[Site "Internet Chess Club"]
[Date "2012.05.20"]
[Round "1"]
[White "jjaillet2007"]
[Black "matthewc"]
[Result "1/2-1/2"]
[WhiteElo "1398"]
[BlackElo "1435"]
[Opening "Dutch with c4 & Nc3"]
[ECO "A85"]
[Time "18:30:19"]
[TimeControl "2700+45"]

1. d4 f5 2. c4 Nf6 3. Nc3 c5 4. d5 d6 5. Nf3 g6 6. Bf4 Bg7 7. e3 e6 8. Bg5 h6 9.
Bxf6 Bxf6 10. Rc1 Qa5 11. Qa4+ Qxa4 12. Nxa4 Bd7 13. b3 Bxa4 14. bxa4 Nd7 15.
dxe6 Nf8 16. e7 Kxe7 17. Bd3 Bb2 18. Rc2 Ba3 19. e4 Bb4+ 20. Ke2 f4 21. e5 g5
22. exd6+ Kxd6 23. g3 Ne6 24. Be4 Rab8 25. Rd1+ Nd4+ 26. Nxd4 cxd4 27. Rxd4+ Kc7
28. gxf4 gxf4 29. Kf3 Rhf8 30. Bg6 Rbd8 31. Rxf4 Rxf4+ 32. Kxf4 Bd6+ 33. Kg4
Bxh2 34. f4 Bg1 35. f5 Bd4 36. Rd2 Bf6 37. Rxd8 Bxd8 38. Kh5 Bg5 39. Kg4 Kc6 40.
Kf3 Kc5 41. Bf7 h5 42. Bd5 h4 43. Kg4 Bf6 44. Bxb7 Kxc4 45. a5 Kb4 46. a6 Ka3
47. Bd5 Ka4 48. Be4 Ka5 49. Bd3 Kb4 50. Be4 Ka5 51. Bb7 Kb6 52. Kf3 h3 53. Kg3
Be5+ 54. Kxh3 Kc5 55. Kg4 Kd6 56. Kg5 Ke7 57. a4 Bf6+ 58. Kf4 Bd4 59. Ke4 Bc3
60. Kd3 Ba5 61. Kd4 Bb6+ 62. Kd5 Kf6 63. Ke4 Ba5 64. Kf4 Bc7+ 65. Ke4 Bb6 66.
Bc8 Bc7 67. Kd5 Bb6 68. Kc6 Bd8 69. Kb7 Bb6 70. a5 Bg1 {Game drawn by mutual
agreement} 1/2-1/2

[Event "Team 45 45 League T53"]
[Site "Internet Chess Club"]
[Date "2012.05.18"]
[Round "1"]
[White "Danny-ONeil"]
[Black "Aquaman"]
[Result "1/2-1/2"]
[WhiteElo "1215"]
[BlackElo "1221"]
[Opening "Kevitz-Trajkovich defense"]
[ECO "A50"]
[Time "15:03:47"]
[TimeControl "2700+45"]

1. d4 Nf6 2. c4 Nc6 3. Nf3 e6 4. Nc3 Bb4 5. Qc2 O-O 6. e3 d6 7. Bd3 Re8 8. O-O
d5 9. Bd2 Be7 10. a3 g6 11. e4 dxc4 12. Bxc4 Nxd4 13. Nxd4 Qxd4 14. Be2 Qd8 15.
Qc1 c6 16. Be3 e5 17. Rd1 Qc7 18. h3 Be6 19. Qc2 a6 20. Na4 b5 21. Nc5 Bc8 22.
Bg5 Kg7 23. Bf3 Nd7 24. Nxd7 Bxd7 25. Bxe7 Rxe7 26. Qe2 Be6 27. Bg4 Bxg4 28.
Qxg4 Rf8 29. Rd2 Rd8 30. Rxd8 Qxd8 31. Rd1 Qb8 32. Rd7 Qc8 33. Rxe7 Qd8 34. Qd7
Qf8 35. Re8 Qc5 36. Re7 Qc1+ 37. Kh2 Qf4+ 38. Kh1 Qc1+ 39. Kh2 Qf4+ 40. Kg1 Qc1+
41. Kh2 Qf4+ 42. Kh1 Qc1+ 43. Kh2 Qf4+ {Game drawn by repetition} 1/2-1/2

[Event "Team 45 45 League T53"]
[Site "Internet Chess Club"]
[Date "2012.05.26"]
[Round "1"]
[White "Juan73"]
[Black "nanning"]
[Result "1-0"]
[WhiteElo "1670"]
[BlackElo "1600"]
[Opening "Caro-Kann: exchange variation"]
[ECO "B13"]
[Time "15:07:09"]
[TimeControl "2700+45"]

1. e4 c6 2. d4 d5 3. exd5 cxd5 4. Nc3 Nf6 5. Bf4 Nc6 6. Nf3 Bg4 7. Be2 e6 8. h3
Bh5 9. g4 Bg6 10. Nh4 Bd6 11. Nxg6 hxg6 12. Be3 a6 13. a3 Qc7 14. Qd2 Na5 15.
Na4 Nc4 16. Bxc4 dxc4 17. O-O-O Ne4 18. Qe1 b5 19. Nc3 Nxc3 20. Qxc3 a5 21. Qe1
b4 22. a4 O-O 23. d5 e5 24. Qe2 Rac8 25. Kb1 Qd7 26. b3 cxb3 27. cxb3 Rc3 28.
Kb2 Rfc8 29. Rc1 Qb7 30. Qd2 f5 31. Qd1 f4 32. Bd2 Rxc1 33. Bxc1 Rc5 34. Qd3
Qxd5 35. Qxg6 Qxh1 36. Qe6+ Kf8 37. Qxd6+ Kg8 38. Qxc5 Qe4 39. Qc8+ Kf7 40. Qf5+
Qxf5 41. gxf5 Kf6 42. Kc2 Kxf5 43. Kd3 e4+ 44. Ke2 g5 45. Bb2 g4 46. hxg4+ Kxg4
47. Bd4 f3+ {Black resigns} 1-0

[Event "Team 45 45 League T53"]
[Site "Internet Chess Club"]
[Date "2012.05.17"]
[Round "1"]
[White "tryanything"]
[Black "samjalex87"]
[Result "1-0"]
[WhiteElo "1622"]
[BlackElo "1106"]
[Opening "QGD: 4.Nf3"]
[ECO "D37"]
[Time "17:00:56"]
[TimeControl "2700+45"]

1. d4 d5 2. c4 e6 3. Nc3 Nf6 4. Nf3 Nbd7 5. Bg5 c6 6. cxd5 Qa5 7. dxe6 fxe6 8.
Bd2 Qc7 9. e4 Bb4 10. Bd3 O-O 11. O-O e5 12. Qb3+ {Black resigns} 1-0

[Event "Team 45 45 League T53"]
[Site "Internet Chess Club"]
[Date "2012.05.17"]
[Round "1"]
[White "emilyjuarez"]
[Black "JohLeb"]
[Result "1-0"]
[WhiteElo "1267"]
[BlackElo "1362"]
[Opening "QGD: Marshall defense"]
[ECO "D06"]
[Time "17:00:04"]
[TimeControl "2700+45"]

1. d4 d5 2. c4 Nf6 3. cxd5 Qxd5 4. Nc3 Qd8 5. e4 e6 6. Bg5 Be7 7. Nf3 O-O 8. Bd3
Nc6 9. Bc2 b6 10. O-O Bb7 11. Rc1 h6 12. Bh4 Nh7 13. Bg3 a6 14. Qd2 Ng5 15. Nxg5
Bxg5 16. f4 Be7 17. Bf2 Bc5 18. Rfd1 Bb4 19. a3 Bxc3 20. Qxc3 Qe7 21. Ba4 b5 22.
Bb3 Rac8 23. d5 exd5 24. Bxd5 b4 25. axb4 Nd8 26. Bc5 Qh4 27. Bxf8 Kxf8 28. Bxb7
Nxb7 29. Qc6 Nd8 30. Qd7 Rb8 31. Qxc7 Ra8 32. g3 Qe7 33. Qxe7+ Kxe7 34. Rc7+ Kf8
35. f5 Rb8 36. Kf2 g5 37. Kf3 Kg7 38. Rd6 h5 39. Rxa6 Rxb4 40. Ra8 Rb3+ 41. Kg2
Rxb2+ 42. Kh3 g4+ 43. Kh4 Rxh2+ 44. Kg5 Rd2 45. Kxh5 Kf6 46. Kxg4 Ke5 47. Rxd8
Rxd8 48. Rxf7 Kxe4 49. Re7+ Kd5 50. Kf4 Kd6 51. Re1 Rf8 52. g4 Rh8 53. f6 Kd7
54. Kf5 Rh7 55. g5 Rh2 56. f7 Rf2+ 57. Kg6 {Black resigns} 1-0

[Event "Team 45 45 League T53"]
[Site "Internet Chess Club"]
[Date "2012.05.20"]
[Round "1"]
[White "theartist"]
[Black "pereelcoix"]
[Result "1/2-1/2"]
[WhiteElo "1204"]
[BlackElo "1192"]
[Opening "QGA: 3.e4"]
[ECO "D20"]
[Time "12:32:34"]
[TimeControl "2700+45"]

1. d4 d5 2. c4 dxc4 3. e4 e5 4. Nf3 Bg4 5. d5 b5 6. a4 Nf6 7. Bg5 Be7 8. Nbd2
Nxe4 9. Bxe7 Qxd5 10. Nxe4 Qxe4+ 11. Be2 Kxe7 12. O-O Rd8 13. Qe1 c6 14. Bd1
Qxe1 15. Rxe1 f6 16. h3 Bxf3 17. Bxf3 bxa4 18. Rxa4 Rd4 19. Re4 Rxe4 20. Bxe4 h5
21. Rxc4 Kd6 22. b4 a5 23. b5 Ra7 24. bxc6 Rc7 25. Ra4 Nxc6 26. Bxc6 Rxc6 27.
Rxa5 Rc5 28. Ra7 g5 29. g4 hxg4 30. hxg4 e4 31. Ra3 Ke5 32. Ra6 f5 33. gxf5 Kxf5
34. Ra3 g4 35. Kg2 Kf4 36. Rg3 Rd5 37. Ra3 Rd3 38. Ra8 e3 39. Rf8+ Kg5 40. Rg8+
Kf5 41. Rf8+ Kg6 42. fxe3 Rxe3 43. Kf2 Ra3 44. Kg2 Rb3 45. Rg8+ Kf5 46. Rf8+ Ke5
47. Rg8 {Game drawn by mutual agreement} 1/2-1/2